 Dungeon Crawl Stone Soup version 0.29-a0-1039-gfc20370e89 (webtiles) character file.

Game seed: 1945677348610133667

20 Plasmagod the Ruffian (level 2, 29/29 HPs)
             Began as a Troll Berserker on Aug 15, 2022.
             Was a Follower of Trog.
             Quit the game on level 1 of the Dungeon.
             The game lasted 00:00:48 (739 turns).

Plasmagod the Ruffian (Troll Berserker)              Turns: 739, Time: 00:00:49

Health: 29/29      AC:  5    Str: 24    XL:     2   Next: 58%
Magic:  1/1        EV: 10    Int:  3    God:    Trog [*.....]
Gold:   46         SH:  0    Dex:  9    Spells: 1/1 levels left

rFire   . . .      SeeInvis .     - Unarmed
rCold   . . .      Faith    .   (no shield)
rNeg    . . .      Spirit   +   a - +0 animal skin
rPois   .          Reflect  .   (helmet restricted)
rElec   .          Harm     .   f - +0 cloak
rCorr   .          Rampage  .   (gloves unavailable)
Will    .....                   (boots unavailable)
Stlth   +.........              d - amulet of guardian spirit
HPRegen 0.89/turn               (no ring)
MPRegen 0.07/turn               (no ring)

@: no status effects
A: large, unfitting armour, claws 3, regeneration 1, shaggy fur 1, tough skin 1
a: Renounce Religion, Berserk


You were on level 1 of the Dungeon.
You worshipped Trog.
Trog was aware of your devotion.
You visited 1 branch of the dungeon, and saw 1 of its levels.

You collected 46 gold pieces.

Inventory:

Armour
 a - a +0 animal skin (worn)
 f - a +0 cloak (worn)
Jewellery
 d - an amulet of guardian spirit (around neck)
Scrolls
 e - 2 scrolls of identify {unknown}
 h - a scroll of teleportation {unknown}
 i - a scroll of enchant armour {unknown}
Potions
 b - a potion of cancellation {unknown}
 c - a potion of curing {unknown}
 g - 2 potions of ambrosia {unknown}
 j - a potion of magic {unknown}


   Skills:
 - Level 2.4 Fighting
 - Level 2.4 Dodging
 + Level 4.0 Unarmed Combat


You had one spell level left.
You didn't know any spells.
Your spell library was empty.

Dungeon Overview and Level Annotations

Branches:
Dungeon (1/15)

Altars:


Innate Abilities, Weirdness & Mutations

You are too large for most types of armour.
You have claws for hands.
Your natural rate of healing is unusually fast.
You are covered in fur. (AC +1)
You have tough skin. (AC +1)


Message History

The jackal barks!
The jackal barely misses you. The jackal completely misses you.
You claw the jackal!
You kill the jackal!
Trog accepts your kill. The jackal closely misses you.
You miss the jackal. The jackal closely misses you. x2
You claw the jackal!
You kill the jackal!
Trog accepts your kill.
A goblin comes into view. It is wielding a +3 dagger of pain.
You completely miss the goblin.
The goblin hits you with a +3 dagger of pain.
You scratch the goblin.
The goblin is moderately wounded.
The goblin hits you but does no damage.
You scratch the goblin.
You kill the goblin!
Trog accepts your kill.
Your Unarmed Combat skill increases to level 4!
No target in view!
No target in view!
No target in view!
You see here a +3 dagger of pain.
i - a scroll labelled TOUNAPN HIUNWE You now have 46 gold pieces (gained 7).
j - a smoky clear potion You see here a +3 dagger of pain.
You open the door.
There is an open door here.
There is an open door here.
Found a book of Debilitation.
Found a short sword.
There is a stone staircase leading down here.
You see here 2 stones.
There is a staircase leading out of the dungeon here.
You see here 5 stones.
Done exploring.
Done exploring.
Are you sure you want to abandon this character and quit the game? (Confirm with "yes".)

#.P.....P.P...P###...
#.P.P.PPP.PPP.P##..##
#...P...P.......#.##
##P.P.PPPPP.PPP.#.###
#P.P...P.....P..)...
#P.PPP.P.PPPPP......
#P.P.........P......
#PPP.PPP.PPP.P).....
#P.@...P...P.P......


#PPPPPPPPPPP.P...... ############........ #....[... ######### There were no
monsters in sight!

Vanquished Creatures
  2 dart slugs (D:1)
  An endoplasm (D:1)
  A giant cockroach (D:1)
  2 goblins (D:1)
  A hobgoblin (D:1)
  3 jackals (D:1)
  2 kobolds (D:1)
  A quokka (D:1)
  A frilled lizard (D:1)
14 creatures vanquished.

Notes
Turn   | Place    | Note
-------+----------+-------------------------------------------
     0 | D:1      | Plasmagod the Troll Berserker began the quest for the Orb.
     0 | D:1      | Reached XP level 1. HP: 22/22 MP: 0/0
   115 | D:1      | Reached XP level 2. HP: 27/29 MP: 1/1
   459 | D:1      | Reached skill level 4 in Unarmed Combat
   739 | D:1      | Quit the game

Illustrated notes

Levels and vault maps discovered:
D:1:      dpeg_arrival_orchard, layout_basic, st_stairs_7, minmay_hedge_maze

Skill      XL: |  1  2 |
---------------+-------+-----
Unarmed Combat | 4 |  4.0
Fighting       | |  2.4
Dodging        | |  2.4

Action                   || total
-------------------------++-------
Melee: Unarmed           ||    38
Armor: Animal skin       ||     6
Dodge: Dodged            ||    19

Table legend: (Time is in decaauts)
 A = Elapsed time spent in this place.
 B = Non-inter-level travel time spent in this place.
 C = Inter-level travel time spent in this place.
 D = Time resting spent in this place.
 E = Time spent auto-exploring this place.
 F = Levels seen in this place.
 G = Mean time per level.
                   A        B        C        D        E       F      G
               +--------+--------+--------+--------+--------+-----+--------+
         Total |    736 |    736 |      0 |      0 |    629 |   1 |  736.0 |
       Dungeon |    736 |    736 |      0 |      0 |    629 |   1 |  736.0 |
               +--------+--------+--------+--------+--------+-----+--------+

Top non-repeatable levels by time:
     D:1: 736 daAuts
